 Dungeon Crawl Stone Soup version 0.29-a0-330-g52719c12eb (webtiles) character file.

Game seed: 18436640934283338344

3797 HoaS the Quickloader (level 10, -3/68 HPs)
             Began as a Kobold Hunter on May 19, 2022.
             Slain by a hornet (10 damage)
             ... on level 7 of the Dungeon.
             The game lasted 00:16:49 (6421 turns).

HoaS the Quickloader (Kobold Hunter)                Turns: 6421, Time: 00:16:50

Health: -3/68      AC:  9    Str: 10    XL:     10   Next: 39%
Magic:  10/10      EV: 23    Int: 10    God:
Gold:   430        SH:  0    Dex: 28    Spells: 9/9 levels left

rFire   . . .      SeeInvis .   a - +1 hand crossbow
rCold   + . .      Faith    .   (no shield)
rNeg    . . .      Spirit   .   y - +0 steam dragon scales
rPois   .          Reflect  .   (no helmet)
rElec   .          Harm     .   n - +0 cloak
rCorr   .          Rampage  .   (no gloves)
Will    .....                   l - +1 pair of boots
Stlth   +++++.....              h - amulet of regeneration
HPRegen 1.01/turn               f - +6 ring of dexterity
MPRegen 0.12/turn               m - ring of protection from cold

@: mighty, lethally poisoned (-3 -> -5), slowed, very slow
A: small, no large weapons, nightstalker 3
a: no special abilities


You were on level 7 of the Dungeon.
You visited 1 branch of the dungeon, and saw 7 of its levels.
You also visited: Sewer.

You collected 430 gold pieces.

Inventory:

Hand Weapons
 a - a +1 hand crossbow (weapon)
Armour
 l - a +1 pair of boots (worn)
 n - a +0 cloak (worn)
 y - +0 steam dragon scales (worn)
Jewellery
 f - a +6 ring of dexterity (left hand)
 h - an amulet of regeneration (around neck)
 m - a ring of protection from cold (right hand)
 s - a ring of see invisible
Wands
 i - a wand of charming (5)
 o - a wand of digging (1)
 w - a wand of flame (7)
Scrolls
 c - 2 scrolls of immolation
 k - a scroll of silence
 q - 2 scrolls of teleportation
 u - a scroll of fear
Potions
 b - 4 potions of curing
 d - a potion of cancellation
 e - a potion of mutation
 p - 3 potions of magic {unknown}
 r - a potion of lignification {unknown}
 v - 2 potions of resistance {unknown}
 x - a potion of berserk rage {unknown}


   Skills:
 * Level 9.9 Fighting
 - Level 10.0 Crossbows
 + Level 4.9 Armour
 + Level 7.7 Dodging
 - Level 5.0 Stealth


You had 9 spell levels left.
You didn't know any spells.
Your spell library contained the following spells:

 Spells                   Type           Power      Damage    Failure   Level
 Sting                    Tmut/Pois      0%         1d3       36%         1
 Poisonous Vapours        Pois/Air       0%         N/A       50%         2
 Olgreb's Toxic Radiance  Pois           0%         N/A       98%         4


Dungeon Overview and Level Annotations

Branches:
Dungeon (7/15)              Sewer (visited)
 Temple: D:4-7

Altars:
Gozag
Kikubaaqudgha
Qazlal
Ru
Zin


Innate Abilities, Weirdness & Mutations

You are small and have problems with some larger weapons.
You are completely attuned to the shadows.


Message History

Shoot: a) +1 hand crossbow
Press: ? - help, Q - select action, (/) - cycle Shift-Dir - straight line, f/p - hornet
Aim: a hornet (severely wounded, 65% to hit)
You shoot a bolt. The bolt hits the hornet.
The hornet is almost dead.
You feel yourself speed up.
You feel sick. The hornet closely misses you.
Shoot: a) +1 hand crossbow
Press: ? - help, Q - select action, (/) - cycle Shift-Dir - straight line, f/p - hornet
Aim: a hornet (almost dead, 65% to hit)
You shoot a bolt. The bolt hits the hornet.
The hornet is almost dead.
The hornet closely misses you.
Shoot: a) +1 hand crossbow
Press: ? - help, Q - select action, (/) - cycle Shift-Dir - straight line, f/p - hornet
Aim: a hornet (almost dead, 65% to hit)
You shoot a bolt. The bolt closely misses the hornet.
You feel yourself slow down.
You feel sick. The hornet closely misses you.
Shoot: a) +1 hand crossbow
Press: ? - help, Q - select action, (/) - cycle Shift-Dir - straight line, f/p - hornet
Aim: a hornet (almost dead, 65% to hit)
You shoot a bolt. The bolt hits the hornet.
The hornet is almost dead.
You feel sick. The hornet misses you.
Shoot: a) +1 hand crossbow
Press: ? - help, Q - select action, (/) - cycle Shift-Dir - straight line, f/p - hornet
Aim: a hornet (almost dead, 65% to hit)
You shoot a bolt. The bolt closely misses the hornet.
You feel sick. The hornet stings you!
* * * LOW HITPOINT WARNING * * *
You are more poisoned.
You feel yourself slow down. The hornet misses you.
Shoot: a) +1 hand crossbow
Press: ? - help, Q - select action, (/) - cycle Shift-Dir - straight line, f/p - hornet
Aim: a hornet (almost dead, 65% to hit)
You shoot a bolt. The bolt misses the hornet.
You feel very sick. The hornet stings you!
You die...

#......#.#.#.#.#.#.#.
#.######.#.#.#.#.#.#.
###.######.#.#.#.#.#.#.
#..........#.#.#...#.#.
......†............>..#.
#...........#.........#.
#...........#.#########.
#.......................
...)@y..##.####.....#
.............##.....#
##########.#.##.....#
...#)##(....#
###'#.##.....#
............#
............#
............
............


You could see a hornet.

Vanquished Creatures
  Joseph (D:7)
  Prince Ribbit (D:6)
  Grinder (D:3)
  Eustachio (D:5)
  2 steam dragons
  Menkaure (D:6)
  Edmund (D:6)
  A water moccasin (D:5)
  2 ice beasts (D:6)
  An orc warrior (D:7)
  4 sky beasts
  2 black bears
  An ogre (D:5)
  3 centaurs
  6 kobold brigands
  A necrophage (D:6)
  A gnoll sergeant (D:6)
  A scorpion (D:5)
  3 hounds
  A jelly (D:7)
  5 iguanas
  Ijyb (D:3)
  3 orc wizards
  4 adders
  6 gnolls
  A river rat (Sewer)
  2 white imps (D:6)
  2 ufetubi (D:5)
  A worm (D:2)
  2 dart slugs
  21 orcs
  9 endoplasms
  A giant cockroach (D:1)
  11 goblins
  11 hobgoblins
  5 jackals
  18 kobolds
  7 quokkas
  11 ball pythons
  4 bats
  3 frilled lizards
  10 rats
173 creatures vanquished.

Vanquished Creatures (others)
  5 plants (Sewer)
5 creatures vanquished.

Grand Total: 178 creatures vanquished

Notes
Turn   | Place    | Note
-------+----------+-------------------------------------------
     0 | D:1      | HoaS the Kobold Hunter began the quest for the Orb.
     0 | D:1      | Reached XP level 1. HP: 12/12 MP: 1/1
   428 | D:1      | Reached XP level 2. HP: 17/17 MP: 2/2
   475 | D:1      | Reached skill level 6 in Crossbows
   698 | D:1      | Reached XP level 3. HP: 21/21 MP: 3/3
  1563 | D:2      | Reached skill level 7 in Crossbows
  1741 | D:2      | Reached XP level 4. HP: 26/26 MP: 4/4
  1948 | D:3      | Noticed Grinder
  1948 | D:3      | Paralysed by Grinder for 3 turns
  1967 | D:3      | Killed Grinder
  1968 | D:3      | Reached skill level 9 in Crossbows
  1968 | D:3      | Reached XP level 5. HP: 11/30 MP: 5/5
  1968 | D:3      | Reached XP level 6. HP: 13/35 MP: 6/6
  2036 | D:3      | Noticed Ijyb
  2047 | D:3      | Killed Ijyb
  2140 | D:3      | Reached skill level 10 in Crossbows
  2662 | D:4      | Reached XP level 7. HP: 40/40 MP: 7/7
  2794 | D:4      | Found an opulent altar of Gozag.
  2864 | D:4      | Reached skill level 1 in Armour
  3105 | D:4      | Found a glowing silver altar of Zin.
  3256 | D:4      | Found a glowing drain.
  3262 | Sewer    | Entered a sewer
  3362 | Sewer    | Reached XP level 8. HP: 48/48 MP: 8/8
  3592 | Sewer    | Reached skill level 5 in Fighting
  4181 | D:5      | Entered Level 5 of the Dungeon
  4428 | D:5      | Reached skill level 5 in Stealth
  4481 | D:5      | Reached XP level 9. HP: 39/55 MP: 9/9
  4770 | D:5      | Reached skill level 5 in Dodging
  4981 | D:5      | Noticed Eustachio
  4990 | D:5      | Killed Eustachio
  5208 | D:6      | Noticed Edmund
  5214 | D:6      | Noticed Menkaure
  5215 | D:6      | Killed Edmund
  5222 | D:6      | Killed Menkaure
  5450 | D:6      | Found a stormy altar of Qazlal.
  5570 | D:6      | Found an ancient bone altar of Kikubaaqudgha.
  5818 | D:6      | Reached XP level 10. HP: 65/65 MP: 10/10
  5838 | D:6      | Noticed Prince Ribbit
  5847 | D:6      | Killed Prince Ribbit
  6063 | D:6      | Found a sacrificial altar of Ru.
  6346 | D:7      | Noticed Joseph
  6374 | D:7      | Killed Joseph
  6421 | D:7      | Slain by a hornet

Illustrated notes

Levels and vault maps discovered:
D:1:      lightli_arrival_statue_moat, layout_basic, minmay_misc_feat_five
D:2:      layout_loops_ring
D:3:      layout_rooms, uniq_grinder, uniq_ijyb
D:4:      layout_gridville, pdpol_temple_overflow_zin_treasury_gozag_greed,
          portal_sewer_entry_a, uniq_robin
D:5:      layout_basic, uniq_eustachio
D:6:      layout_loops_cross, amcnicky_altar_gilded,
          mainiacjoe_overflow_concentric_impassable,
          nicolae_ru_the_path_less_chosen, uniq_menkaure, uniq_prince_ribbit1,
          uniq_edmund
D:7:      layout_basic, minmay_temple_entry_slanted, uniq_joseph

Skill      XL: |  1  2  3  4  5  6  7  8  9 10 |
---------------+-------------------------------+-----
Crossbows      | 6 7 9 10 | 10.0
Stealth        | 3 5 |  5.0
Fighting       | 4 6 8 9 |  9.9
Armour         | 1 2 4 |  4.9
Dodging        | 3 4 6 7 |  7.7

Action                   |  1- 3 |  4- 6 |  7- 9 | 10-12 || total
-------------------------+-------+-------+-------+-------++-------
 Fire: Hand crossbow     |    87 |    90 |   371 |   124 ||   672
Evoke: Wand              |       |       |       |     2 ||     2
  Use: Scroll            |     6 |     2 |     2 |       ||    10
       Potion            |       |     4 |     1 |     2 ||     7
Armor: Leather armour    |     3 |     5 |       |       ||     8
       Ring mail         |       |    19 |    56 |     3 ||    78
       Steam dragon scal |       |       |       |    10 ||    10
Dodge: Dodged            |    36 |    40 |   132 |    67 ||   275

Table legend: (Time is in decaauts)
 A = Elapsed time spent in this place.
 B = Non-inter-level travel time spent in this place.
 C = Inter-level travel time spent in this place.
 D = Time resting spent in this place.
 E = Time spent auto-exploring this place.
 F = Levels seen in this place.
 G = Mean time per level.
                   A        B        C        D        E       F      G
               +--------+--------+--------+--------+--------+-----+--------+
         Total |   6619 |   6348 |    271 |    403 |   4691 |   8 |  827.4 |
       Dungeon |   5781 |   5510 |    271 |    380 |   4022 |   7 |  825.9 |
         Sewer |    837 |    837 |      0 |     23 |    669 |   1 |  837.0 |
               +--------+--------+--------+--------+--------+-----+--------+

Top non-repeatable levels by time:
     D:1: 1261 daAuts
     D:6: 1046 daAuts
     D:5: 1000 daAuts
     D:4: 883 daAuts
   Sewer: 837 daAuts
     D:2: 705 daAuts
     D:3: 687 daAuts
     D:7: 196 daAuts
